 Dungeon Crawl Stone Soup version 0.26-a0-720-g2a1d101370 (webtiles) character file.

Game seed: 11724060362626801573

172 lunkers the Spear-Bearer (level 5, -4/38 HPs)
             Began as a Merfolk Gladiator on Nov 2, 2020.
             Killed from afar by Ijyb (19 damage)
             ... with a bolt of acid
             ... on level 3 of the Dungeon.
             The game lasted 00:03:59 (2555 turns).

lunkers the Spear-Bearer (Merfolk Gladiator)        Turns: 2555, Time: 00:04:00

Health: -4/38      AC:  6    Str: 14    XL:     5   Next: 53%
Magic:  5/5        EV: 13    Int:  8    God:
Gold:   138        SH:  0    Dex: 22    Spells: 4/4 levels left

rFire    . . .     SeeInvis .   a - +0 trident
rCold    . . .     Faith    .   (no shield)
rNeg     . . .     Spirit   .   n - +0 ring mail
rPois    .         Reflect  .   c - +0 helmet
rElec    .         Harm     .   (no cloak)
rCorr    .         Rampage  .   (no gloves)
MR       .....                  (no boots)
Stlth    +.........             (no amulet)
HPRegen  0.12/turn              i - +6 ring of dexterity
MPRegen  0.09/turn              (no ring)

@: stab, hasted, very quick
A: change form in water, swift swim, stealthy swim
a: no special abilities


You were on level 3 of the Dungeon.
You visited 1 branch of the dungeon, and saw 3 of its levels.

You collected 138 gold pieces.

Inventory:

Hand Weapons
 a - a +0 trident (weapon)
Missiles
 d - 3 throwing nets {=f}
Armour
 b - a +0 leather armour
 c - a +0 helmet (worn)
 k - a +0 kite shield
 n - a +0 ring mail (worn)
Jewellery
 i - a +6 ring of dexterity (left hand)
Scrolls
 e - a scroll of identify
 g - 3 scrolls of fog {unknown}
 h - a scroll of teleportation {unknown}
 j - a scroll of immolation {unknown}
 l - a scroll of noise {unknown}
 p - 2 scrolls of blinking {unknown}
 q - a scroll of random uselessness {unknown}
 t - a scroll of enchant weapon {unknown}
 u - 2 scrolls of remove curse {unknown}
 w - a scroll of enchant armour {unknown}
Potions
 f - 4 potions of curing
 o - a potion of flight
 r - a potion of brilliance
 v - a potion of heal wounds {unknown}


   Skills:
 - Level 2.1 Fighting
 * Level 8.8 Polearms
 - Level 2.0 Throwing
 - Level 4.0 Dodging


You had 4 spell levels left.
You didn't know any spells.
Your spell library was empty.

Dungeon Overview and Level Annotations

Branches:
Dungeon (3/15)

Altars:
Dithmenos
Elyvilon
Sif Muna
Trog
Wu Jian
Yredelemnul

Annotations:
D:2 1 runed translucent door, Crazy Yiuf
D:3 Ijyb


Message History

Aim: Ijyb, wielding a +0 club, wearing a +0 leather armour and carrying a wand of acid (3) (moderately wounded)
You closely miss Ijyb.
Ijyb is moderately wounded.
Ijyb hits you but does no damage.
Unknown command.
Attack whom?
Press: ? - help, Dir - move target cursor, f/p - Ijyb
Aim: Ijyb, wielding a +0 club, wearing a +0 leather armour and carrying a wand of acid (3) (moderately wounded)
You hit Ijyb.
Ijyb is heavily wounded.
Unknown command.
Attack whom?
Press: ? - help, Dir - move target cursor, f/p - Ijyb
Aim: Ijyb, wielding a +0 club, wearing a +0 leather armour and carrying a wand of acid (3) (heavily wounded)
You puncture Ijyb!
Ijyb is almost dead.
Ijyb screams, "No!
No, no, no, no!"
Ijyb zaps a wand.
The bolt of acid hits you!!
Ouch! That really hurt!
You die...

....#......#.###.#...........##.#
.≈#####..#.###.#..........##.....
≈≈# #.........#.............##..
### ###..#.##(....#....^.#....#.
# ####.##.((..##..#..#..##.#
#....##..#..#...#.##..#.## #
#####.#####..#..)......#...##[ #
#.....##.....##g...#.###...... #
##.######.##..@gg.....# #####.#
###......... ########.#.# #...
#....####### 8...# #.<. ....##
....#.. #... ....# .gg..# ..(
#... ......# g...g.# !. #...
......# g......# . ##+# ##....#
........# #....#


You could see Ijyb and 2 goblins.

Vanquished Creatures
  An orc wizard (D:3)
  5 adders
  2 oozes (D:1)
  4 worms (D:2)
  A dart slug (D:2)
  2 leopard geckos (D:1)
  2 orcs (D:3)
  3 giant cockroaches
  6 goblins
  12 hobgoblins
  9 jackals
  A quokka (D:3)
  A ball python (D:3)
  5 bats
  3 frilled lizards
  8 kobolds
  8 rats
73 creatures vanquished.

Vanquished Creatures (others)
  A frilled lizard (D:3)
1 creature vanquished.

Grand Total: 74 creatures vanquished

Notes
Turn   | Place    | Note
-------+----------+-------------------------------------------
     0 | D:1      | lunkers the Merfolk Gladiator began the quest for the Orb.
     0 | D:1      | Reached XP level 1. HP: 16/16 MP: 1/1
   187 | D:1      | Reached skill level 5 in Polearms
   205 | D:1      | Reached XP level 2. HP: 22/22 MP: 2/2
   484 | D:1      | Reached skill level 6 in Polearms
   484 | D:1      | Reached XP level 3. HP: 27/27 MP: 3/3
  1178 | D:2      | Found an ornate altar of the Wu Jian Council.
  1179 | D:2      | Found a shimmering blue altar of Sif Muna.
  1179 | D:2      | Found a bloodstained altar of Trog.
  1181 | D:2      | Found a shadowy altar of Dithmenos.
  1219 | D:2      | Reached skill level 7 in Polearms
  1219 | D:2      | Reached XP level 4. HP: 25/33 MP: 4/4
  1502 | D:2      | Found a basalt altar of Yredelemnul.
  1821 | D:2      | Found a runed translucent door.
  1822 | D:2      | Noticed Crazy Yiuf
  1884 | D:2      | Reached skill level 8 in Polearms
  1900 | D:2      | Reached XP level 5. HP: 38/38 MP: 5/5
  2482 | D:3      | Found a white marble altar of Elyvilon.
  2527 | D:3      | Noticed Ijyb
  2555 | D:3      | Killed from afar by Ijyb

Illustrated notes

Levels and vault maps discovered:
D:1:      scummos_arrival_simple_fountains, layout_loops_corners,
          chequers_serial_rivers_room_a, minmay_pentomino_x4
D:2:      layout_rooms, chequers_temple_overflow_statue_of_worship,
          overflow_temple_1_default, minmay_fountain_box,
          uniq_crazy_yiuf_cottage
D:3:      kennysheep_the_goblin_king, layout_basic, minmay_misc_feat_square,
          elyvilon_altar_4

Skill      XL: |  1  2  3  4 |
---------------+-------------+-----
Polearms       | 5 6 7 8 |  8.8
Fighting       | |  2.1
Throwing       | |  2.0
Dodging        | |  4.0

Action                   |  1- 3 |  4- 6 || total
-------------------------+-------+-------++-------
Melee: Trident           |   122 |   147 ||   269
  Use: Scroll            |       |     5 ||     5
       Potion            |       |     2 ||     2
 Stab: Sleeping          |     1 |     1 ||     2
Armor: Leather armour    |    19 |       ||    19
       Ring mail         |     9 |    43 ||    52
Dodge: Dodged            |    65 |    73 ||   138

Table legend: (Time is in decaauts)
 A = Elapsed time spent in this place.
 B = Non-inter-level travel time spent in this place.
 C = Inter-level travel time spent in this place.
 D = Time resting spent in this place.
 E = Time spent auto-exploring this place.
 F = Levels seen in this place.
 G = Mean time per level.
                   A        B        C        D        E       F      G
               +--------+--------+--------+--------+--------+-----+--------+
         Total |   2536 |   2480 |     56 |    298 |   1672 |   3 |  845.3 |
       Dungeon |   2536 |   2480 |     56 |    298 |   1672 |   3 |  845.3 |
               +--------+--------+--------+--------+--------+-----+--------+

Top non-repeatable levels by time:
     D:1: 1079 daAuts
     D:2: 952 daAuts
     D:3: 504 daAuts
